 Dungeon Crawl Stone Soup version 0.22.1-2-g9c5b331 (webtiles) character file.

251 MalarOregon the Ducker (level 6, -4/46 HPs)
             Began as a Merfolk Earth Elementalist on Nov 16, 2018.
             Slain by a gnoll
             ... wielding a +0 halberd
              (11 damage)
             ... on level 3 of the Dungeon.
             The game lasted 00:07:00 (3716 turns).

MalarOregon the Ducker (Merfolk Earth Elementalist) Turns: 3716, Time: 00:07:01

Health: -4/46      AC:  4    Str:  8    XL:     6   Next: 13%
Magic:  6/10       EV: 14    Int: 17    God:
Gold:   178        SH:  0    Dex: 14    Spells: 1/11 levels left

rFire    . . .     SeeInvis .   q - +1 short sword (venom)
rCold    . . .     Gourm    .   (no shield)
rNeg     . . .     Faith    .   c - +0 robe
rPois    .         Spirit   .   j - +0 helmet (curse)
rElec    .         Reflect  .   a - +0 cloak
rCorr    .         Harm     .   (no gloves)
MR       .....                  (no boots)
Stlth    +++.......             (no amulet)
HPRegen  0.15/turn              n - ring of stealth
MPRegen  0.12/turn              (no ring)

@: no status effects
A: change form in water, swift swim, stealthy swim
a: no special abilities


You were on level 3 of the Dungeon.
You were not hungry.

You visited 1 branch of the dungeon, and saw 3 of its levels.

You collected 178 gold pieces.

Inventory:

Hand Weapons
 q - a +1 short sword of venom (weapon)
   (You took it off Terence on level 2 of the Dungeon)
 t - a +0 spear
   (You took it off a gnoll on level 3 of the Dungeon)
Missiles
 b - 51 stones (quivered)
Armour
 a - a +0 cloak (worn)
   (You found it on level 1 of the Dungeon)
 c - a +0 robe (worn)
 j - a cursed +0 helmet (worn)
   (You found it on level 2 of the Dungeon)
 r - a +0 shield
   (You found it on level 2 of the Dungeon)
Jewellery
 n - a ring of stealth (left hand)
   (You found it on level 2 of the Dungeon)
Scrolls
 d - 7 scrolls of identify {unknown}
 f - 2 scrolls of enchant weapon {unknown}
 g - a scroll of teleportation {unknown}
 h - a scroll of noise {unknown}
 i - a scroll of fear {unknown}
 l - 2 scrolls of immolation {unknown}
 s - 2 scrolls of remove curse {unknown}
Potions
 k - a potion of degeneration {unknown}
 o - a potion of mutation {unknown}
 p - a potion of haste {unknown}
Comestibles
 e - 7 rations {!d}


   Skills:
 * Level 2.8 Fighting
 * Level 0.3 Polearms
 * Level 4.5 Dodging
 - Level 2.1 Stealth
 + Level 0.4 Shields
 * Level 3.2 Spellcasting
 + Level 0.4 Conjurations
 + Level 1.8 Transmutations
 + Level 3.3 Earth Magic


You had one spell level left.
You knew the following spells:

 Your Spells              Type           Power        Failure   Level  Hunger
a - Sandblast             Erth           ##....       4%          1    None
b - Petrify               Tmut/Erth      ##......     52%         4    ####...
q - Passwall              Tmut/Erth      ##......     9%          2    ##.....
x - Stone Arrow           Conj/Erth      #.....       24%         3    ###....

Your spell library contained the following spells:

 Spells                   Type           Power        Failure   Level  Hunger
 Animate Skeleton         Necr           N/A          17%         1    None
 Pain                     Necr           #...         17%         1    None
 Regeneration             Chrm/Necr      #.........   45%         3    ###....
 Vampiric Draining        Necr           #.........   45%         3    ###....
 Lee's Rapid Deconstruct  Erth           ##........   77%         5    ######.
 Animate Dead             Necr           N/A          86%         4    ####...


Dungeon Overview and Level Annotations

Branches:
Dungeon (3/15)

Altars:
Cheibriados
Ru


Message History

All of the chunks of flesh in your inventory have rotted away.
There is a stone staircase leading down here.
You open the door.
There is an open door here.
You see here a leather armour.
There is an open door here.
Found a robe.
A hobgoblin comes into view. It is wielding a club.
A gnoll comes into view. It is wielding a whip.
The hobgoblin shouts!
You hear a shout!
The gnoll shouts!
You hear a shout!
There are monsters nearby!
You hit the hobgoblin.
The hobgoblin is poisoned.
You kill the hobgoblin!
You barely miss the gnoll. The gnoll closely misses you.
You barely miss the gnoll. The gnoll misses you.
The gnoll hits you with a whip.
A gnoll comes into view. It is wielding a halberd.
You barely miss the gnoll. The gnoll closely misses you.
You hit the gnoll but do no damage. The gnoll closely misses you.
The gnoll hits you from afar with a halberd!
You closely miss the gnoll. The gnoll barely misses you.
The gnoll closely misses you.
You hit the gnoll. The gnoll closely misses you.
You closely miss the gnoll.
The gnoll hits you from afar with a halberd!
* * * LOW HITPOINT WARNING * * *
The gnoll closely misses you.
Aim: a gnoll, wielding a whip (lightly wounded)
The blast of sand hits the gnoll.
b - 54 stones The gnoll hits you from afar with a halberd.
* * * LOW HITPOINT WARNING * * *
The gnoll completely misses you.
Aim: a gnoll, wielding a whip (severely wounded)
The blast of sand misses the gnoll.
The blast of sand hits the gnoll.
b - 53 stones The gnoll barely misses you. x2
Unknown command.
Aim: a gnoll, wielding a whip (severely wounded)
The blast of sand hits the gnoll.
You kill the gnoll!
b - 52 stones The gnoll hits you from afar with a halberd!
* * * LOW HITPOINT WARNING * * *
Aim: a gnoll, wielding a halberd (heavily wounded)
The blast of sand misses the gnoll.
b - 51 stones The gnoll hits you from afar with a halberd!
You die...

#.................#
#.....
####..............#
#.....
#..............#
#.....
##+#..#........#
#.....
#...).........###
######
###..####+#.....#
#.)# #.....#
#[<#.####.....##
##.#.g)@.........
#.#.............
#.#.............
#.+.............
###....[........
#.............
#.............
#######......


You could see a gnoll.

Vanquished Creatures
  2 orc priests
  Terence (D:2)
  4 gnolls (D:3)
  5 adders
  2 dart slugs (D:1)
  A leopard gecko (D:1)
  4 orcs (D:3)
  A ball python (D:3)
  8 bats
  2 giant cockroaches (D:3)
  14 hobgoblins
  2 quokkas
  6 frilled lizards
  9 goblins
  5 kobolds
  8 rats
74 creatures vanquished.

Notes
Turn   | Place    | Note
-------+----------+-------------------------------------------
     0 | D:1      | MalarOregon the Merfolk Earth Elementalist began the quest
                  | for the Orb.
     0 | D:1      | Reached XP level 1. HP: 13/13 MP: 3/3
    65 | D:1      | Reached XP level 2. HP: 19/20 MP: 1/5
    83 | D:1      | Reached skill level 3 in Dodging
   395 | D:1      | Learned a level 2 spell: Passwall
   463 | D:1      | Reached skill level 1 in Fighting
   634 | D:1      | Reached XP level 3. HP: 17/26 MP: 0/6
  1066 | D:2      | Noticed a phantom
  1073 | D:1      | Learned a level 3 spell: Stone Arrow
  1665 | D:2      | Reached XP level 4. HP: 32/32 MP: 0/7
  2438 | D:2      | Found a sacrificial altar of Ru.
  2598 | D:2      | Noticed Terence
  2694 | D:2      | Killed Terence
  2694 | D:2      | Reached skill level 4 in Dodging
  2694 | D:2      | Reached XP level 5. HP: 21/38 MP: 0/9
  2894 | D:2      | You fall through a shaft!
  3110 | D:2      | Learned a level 4 spell: Petrify
  3428 | D:3      | Reached XP level 6. HP: 29/46 MP: 6/10
  3564 | D:3      | Found a snail-covered altar of Cheibriados.
  3716 | D:3      | Slain by a gnoll

Skill      XL: |  1  2  3  4  5 |
---------------+----------------+-----
Dodging        | 3 4 |  4.5
Fighting       | 1 2 |  2.8
Earth Magic    | 3 |  3.3
Spellcasting   | 3 |  3.2
Polearms       | |  0.3
Stealth        | |  2.1
Shields        | |  0.4
Conjurations   | |  0.4
Transmutations | |  1.8

Action                   |  1- 3 |  4- 6 || total
-------------------------+-------+-------++-------
Melee: Unarmed           |    73 |    37 ||   110
       Short sword       |       |    39 ||    39
       Dagger            |       |    11 ||    11
 Cast: Sandblast         |    37 |    44 ||    81
       Stone Arrow       |     3 |     9 ||    12
  Use: Potion            |     2 |       ||     2
 Stab: Sleeping          |     1 |     3 ||     4
  Eat: Chunk             |     1 |     7 ||     8
       Ration            |     1 |       ||     1
Armor: Robe              |    20 |    12 ||    32
Dodge: Dodged            |    62 |   100 ||   162
